 Dungeon Crawl Stone Soup version 0.31-a0-344-gd109795599 (webtiles) character file.

Game seed: 16697781223221195175

29 olmar the Changeling (level 3, 0/39 HPs)
             Began as a Merfolk Shapeshifter on July 21, 2023.
             Succumbed to an adder's poison
             ... on level 1 of the Dungeon.
             The game lasted 00:00:56 (993 turns).

olmar the Changeling (Merfolk Shapeshifter)          Turns: 993, Time: 00:00:57

Health: 0/39       AC: 21    Str: 23    XL:     3   Next: 16%
Magic:  3/3        EV:  2    Int:  7    God:
Gold:   55         SH:  0    Dex: 14    Spells: 2/2 levels left

rFire   . .          .
                       - Unarmed
rCold   . . .        (no shield)
rNeg    . . .        a - melded +0 animal skin
rPois   +            (helmet currently unavailable)
rElec   .            (cloak currently unavailable)
rCorr   .            (gloves currently unavailable)
SInv    .            (boots currently unavailable)
Will    .....        (no amulet)
Stlth   +            d - +6 ring of strength
HPRegen 0.26/turn    (no ring)
MPRegen 0.08/turn

%: no passive effects
@: lethally poisoned (0 -> -4), tree-form
A: stationary, stasis, torment immunity, boosted hp, (nimble swimmer 2),
(mertail), (fangs 1), (fire resistance 1)
a: no special abilities


You were on level 1 of the Dungeon.
You were a tree.
You visited 1 branch of the dungeon, and saw 2 of its levels.

You collected 55 gold pieces.

Inventory:

Armour
 a - a +0 animal skin (melded)
Jewellery
 d - a +6 ring of strength (left branch)
Talismans
 c - a beast talisman
Scrolls
 e - a scroll of enchant armour {unknown}
 f - a scroll of revelation {unknown}
 g - a scroll of teleportation {unknown}
 i - a scroll of identify {unknown}


   Skills:
 + Level 1.2 Fighting
 + Level 3.0 Dodging
 + Level 3.7 Unarmed Combat
 + Level 4.6 Shapeshifting


You had 2 spell levels left.
You didn't know any spells.
Your spell library was empty.

Dungeon Overview and Level Annotations

Branches:
Dungeon (2/15)

Altars:


Innate Abilities, Weirdness & Mutations

You are a tree.
Your roots penetrate the ground, keeping you stationary.
You cannot be teleported.
You are immune to unholy pain and torment.
Your maximum health is greatly increased.
Your equipment is partially melded.
((You are very nimble when in or above water. (Stealth+, EV+, Speed+++)))
((Your lower body shifts to a powerful aquatic tail in water.))
((You have very sharp teeth.))
((Your flesh is heat resistant. (rF+)))


Message History

You are more poisoned.
The adder poisons you!
Unknown command.
You hit the adder.
The adder is heavily wounded.
You feel sick. The adder misses you.
Unknown command.
You are too injured to fight recklessly!
You miss the adder.
The adder is heavily wounded.
You feel sick. The adder bites you.
You hit the adder.
The adder is severely wounded.
You feel sick. The adder closely misses you. The adder bites you.
* * * LOW HITPOINT WARNING * * *
You are lethally poisoned!
The adder poisons you!
Unknown command.
You hit the adder. You punch the adder.
The adder is almost dead.
* * * LOW HITPOINT WARNING * * *
You feel very sick. The adder bites you.
* * * LOW HITPOINT WARNING * * *
It was a potion of mutation.
You feel extremely strange.
Your teeth lengthen and sharpen.
You feel resistant to heat.
* * * LOW HITPOINT WARNING * * *
You feel sick. The adder misses you.
Unknown command.
Really quaff the potion of lignification?
Your transformation has ended.
You turn into a tree.
Your +0 animal skin melds into your body.
Your roots penetrate the ground.
* * * LOW HITPOINT WARNING * * *
You feel sick. The adder bites you but does no damage.
Unknown command.
You smack the adder!
You kill the adder!
You die...

#.#####..#............# #.#
......#..#........#.### #.#
#.###.#..#......###.# #.# #.#
#.#..#........#.# #.#
#.###.########.#..#.# #.#
...............#..#.# #.#
#.#...............#.# #.#
#.#########.........#########.#
#.#########.....♣.............#
#.........+...................#
#.#########.....#.###########.#
########........#.# #.# #.#
##....###.......#.# #.# #.#
#.####.##..######.###.# #.#
'####8.##.............# #.#
'#...#.##.......#.##### #.#
#..<.#.##.......'.###########.##


There were no monsters in sight!

Vanquished Creatures
  An adder (D:1)
  7 bats
  5 endoplasms (D:1)
  A giant cockroach (D:1)
  A goblin (D:1)
  A hobgoblin (D:1)
  A kobold (D:1)
  A quokka (D:1)
  4 ball pythons
  2 frilled lizards (D:1)
  3 rats (D:1)
27 creatures vanquished.

Notes
Turn   | Place    | Note
-------+----------+-------------------------------------------
     0 | D:1      | olmar the Merfolk Shapeshifter began the quest for the Orb.
     0 | D:1      | Reached XP level 1. HP: 15/15 MP: 1/1
   115 | D:1      | Reached XP level 2. HP: 16/21 MP: 2/2
   746 | D:1      | Reached XP level 3. HP: 26/26 MP: 3/3
   991 | D:1      | Gained mutation: You have very sharp teeth. [potion of
                  | mutation]
   991 | D:1      | Gained mutation: Your flesh is heat resistant. (rF+)
                  | [potion of mutation]
   992 | D:1      | HP: 1/39 [poisoned by an adder]
   993 | D:1      | Succumbed to an adder's poison

Illustrated notes

Levels and vault maps discovered:
D:1:      saegor_arrival_simple_e, layout_basic
D:2:      layout_rooms, chequers_ecumenical_altar_twisty, minmay_misc_feat_tiny

Skill      XL: |  1  2 |
---------------+-------+-----
Dodging        | 3 |  3.0
Fighting       | |  1.2
Unarmed Combat | |  3.7
Shapeshifting  | |  4.6

Action                     || total
---------------------------++-------
  Melee: Unarmed           ||    55
         Punch             ||     1
    Use: Potion            ||     2
   Stab: Sleeping          ||     4
 Armour: Animal skin       ||    15
         Skin              ||     1
  Dodge: Dodged            ||    31

Table legend: (Time is in decaauts)
 A = Elapsed time spent in this place.
 B = Non-inter-level travel time spent in this place.
 C = Inter-level travel time spent in this place.
 D = Time resting spent in this place.
 E = Time spent auto-exploring this place.
 F = Levels seen in this place.
 G = Mean time per level.
                   A        B        C        D        E       F      G
               +--------+--------+--------+--------+--------+-----+--------+
         Total |    988 |    965 |     23 |      0 |    806 |   2 |  494.0 |
       Dungeon |    988 |    965 |     23 |      0 |    806 |   2 |  494.0 |
               +--------+--------+--------+--------+--------+-----+--------+

Top non-repeatable levels by time:
     D:1: 981 daAuts
     D:2: 7 daAuts
